 Dungeon Crawl Stone Soup version 0.17.0-24-gcfadda4 (webtiles) character file.

4355 Raultor the Nimble (level 10, -12/77 HPs)
             Began as a Vampire Gladiator on Nov 16, 2015.
             Was a Believer of Makhleb.
             Mangled by a troll (14 damage)
             ... on level 8 of the Dungeon.
             The game lasted 00:23:25 (7082 turns).

Raultor the Nimble (Vampire Gladiator)              Turns: 7082, Time: 00:23:25

Health: -12/77     AC:  9    Str: 16    XL:     10   Next: 12%
Magic:  0/10       EV: 17    Int: 10    God:    Makhleb [**....]
Gold:   309        SH:  5    Dex: 17    Spells: 0 memorised, 9 levels left

rFire  . . .     SeeInvis +     L - +4 scimitar (flame)
rCold  . . .     Clarity  .     J - +0 ring mail (curse)
rNeg   . . .     SustAt   .     B - +0 buckler
rPois  .         Gourm    .     c - +0 helmet
rElec  .         Spirit   +     (no cloak)
rCorr  .         Warding  .     (no gloves)
rMut   .         Stasis   .     (no boots)
MR     ++...                    q - amulet of guardian spirit
Stlth  ++........               G - ring of protection from magic
                                x - +2 ring of protection

@: regenerating quickly, very resistant to hostile enchantments, unstealthy
A: fangs 3, see invisible, unbreathing
a: Minor Destruction, Renounce Religion


You were on level 8 of the Dungeon.
You worshipped Makhleb.
Makhleb was pleased with you.
You were very full.

You visited 2 branches of the dungeon, and saw 10 of its levels.

You collected 365 gold pieces.
You spent 56 gold pieces at shops.

Inventory:

Hand Weapons
 a - a +0 long sword
 v - a +2 vampiric hand axe
 L - a +4 scimitar of flaming (weapon)
Missiles
 d - 3 throwing nets (quivered)
Armour
 c - a +0 helmet (worn)
 B - a +0 buckler (worn)
 J - a cursed +0 ring mail (worn)
Jewellery
 i - an uncursed amulet of rage
 q - an amulet of guardian spirit (around neck)
 x - a +2 ring of protection (left hand)
 G - a ring of protection from magic (right hand)
 I - an uncursed ring of flight
Wands
 z - a wand of invisibility (3)
 E - a wand of paralysis (13)
 F - a wand of disintegration (14)
 H - a wand of flame (34)
 M - a wand of disintegration (12)
Scrolls
 b - a scroll of acquirement {unknown}
 g - 12 scrolls of identify
 h - a scroll of amnesia {unknown}
 j - 2 scrolls of fear {unknown}
 o - 2 scrolls of recharging {unknown}
 r - 4 scrolls of remove curse
 s - 2 scrolls of noise {unknown}
 w - a scroll of magic mapping {unknown}
 y - 2 scrolls of enchant weapon {unknown}
 C - 2 scrolls of teleportation {unknown}
 K - a scroll of blinking {unknown}
Potions
 e - 7 potions of blood
 f - 2 potions of lignification {unknown}
 k - 2 potions of degeneration {unknown}
 l - a potion of heal wounds {unknown}
 m - a potion of flight {unknown}
 n - a potion of mutation {unknown}
 p - a potion of brilliance {unknown}
 t - a potion of cancellation {unknown}
 u - a potion of beneficial mutation {unknown}
 A - a potion of might {unknown}
 D - 2 potions of poison {unknown}
 N - a potion of haste {unknown}
Books
 O - a book of Unlife

   Spells                             Type                      Level
   a - Recall                         Summoning/Translocation      3
   b - Animate Dead                   Necromancy                   4
   c - Control Undead                 Necromancy                   4
   d - Cigotuvi's Embrace             Necromancy                   5
   e - Death Channel                  Necromancy                   6
   f - Simulacrum                     Ice/Necromancy               6


   Skills:
 + Level 6.3 Fighting
 + Level 5.2 Long Blades
 - Level 5.0 Axes
 - Level 1.5 Throwing
 + Level 4.4 Armour
 + Level 10.3 Dodging
 - Level 1.9 Stealth
 + Level 2.2 Shields


You had 9 spell levels left.
You didn't know any spells.

Dungeon Overview and Level Annotations

Branches:
Dungeon (9/15)             Temple (1/1) D:6
   Lair: D:8-11         Orc: D:9-12

Altars:
Ashenzari
Cheibriados
Dithmenos
Elyvilon
Fedhas
Gozag
Kikubaaqudgha
Makhleb
Nemelex Xobeh
Okawaru
Qazlal
Ru
Sif Muna
Trog
Vehumet
Xom
Yredelemnul
Zin
The Shining One

Shops:
D:5 %   D:8 ?

Annotations:
D:3 1 runed door


Innate Abilities, Weirdness & Mutations

Your natural rate of healing is unusually fast.
You have razor-sharp teeth.
You have supernaturally acute eyesight.
You can survive without breathing.


Message History

You are too injured to fight recklessly!
You closely miss the troll. You bite the troll.
The troll is heavily wounded.
You block the troll's attack. The troll claws you but does no damage.
The troll claws you!
* * * LOW HITPOINT WARNING * * *
You slash the troll! You burn the troll.
The troll is almost dead.
The troll completely misses you. The troll closely misses you.
The troll misses you.
You closely miss the troll.
The troll is almost dead.
The troll barely misses you. The troll claws you!
* * * LOW HITPOINT WARNING * * *
The troll claws you but does no damage.
You hit the troll. You burn the troll.
The troll is almost dead.
The troll bites you but does no damage. The troll misses you.
The troll closely misses you. The troll bites you!
You die...

#....≈≈≈≈≈≈≈≈≈≈≈≈≈≈≈≈..
#....%≈;.≈≈≈≈≈≈≈≈≈≈≈≈≈.
#...;;≈..≈≈≈≈≈≈≈≈≈≈....
#..(...T...≈≈≈≈≈≈≈.≈..≈
#..(........≈≈≈≈≈≈.....
#.#)#####..#....#####..
##..(...#..........##...
#....(T................#
#...(..@...##....>##..##
###.((((...#....#..#..#
#######÷...#####.#..#
#.#......†.#..##
#.#......÷.#..#.
####.##.......#..#.
##.....#............
##.....)..>..........
#...................)


You could see a troll.

Vanquished Creatures
  Erica (D:8)
  A yak (D:7)
  A human (D:7)
  A steam dragon (D:8)
  A wolf (D:8)
  A water moccasin (D:8)
  2 black bears (D:6)
  2 sky beasts
  2 phantoms (D:5)
  A wasp (D:8)
  3 centaurs
  5 ogres
  4 giant frogs
  The ghost of lucasterio the Magician, an amateur DEIE (D:4)
  A wyvern skeleton (D:6)
  2 scorpions
  An electric eel (D:7)
  A quasit (D:5)
  A giant frog zombie (D:6)
  3 crimson imps
  A giant frog skeleton (D:8)
  A human zombie (D:3)
  3 orc priests
  6 hounds
  A centaur skeleton (D:6)
  Terence (D:3)
  3 orc wizards
  9 worker ants
  3 sheep (D:7)
  A hound zombie (D:5)
  4 gnolls
  2 worker ant zombies
  13 adders
  A shadow imp (D:7)
  An adder zombie (D:7)
  An adder skeleton (D:5)
  4 worms
  3 giant geckos
  26 orcs
  5 ball pythons
  6 bats
  5 giant cockroaches
  11 goblins
  10 hobgoblins
  11 jackals
  3 quokkas
  12 giant newts
  A jackal zombie (D:3)
  14 kobolds
  2 quokka skeletons
  A quokka zombie (D:7)
  9 rats
209 creatures vanquished.

Notes
Turn   | Place    | Note
--------------------------------------------------------------
     0 | D:1      | Raultor the Vampire Gladiator began the quest for the Orb.
     0 | D:1      | Reached XP level 1. HP: 16/16 MP: 1/1
   137 | D:1      | Reached XP level 2. HP: 15/22 MP: 2/2
   501 | D:1      | Reached XP level 3. HP: 26/28 MP: 3/3
   578 | D:2      | Found a snail-covered altar of Cheibriados.
   585 | D:2      | Found a shattered altar of Ashenzari.
   596 | D:2      | Found an opulent altar of Gozag.
   808 | D:2      | Reached skill level 1 in Stealth
   842 | D:2      | Reached skill level 1 in Armour
  1003 | D:2      | Reached XP level 4. HP: 23/34 MP: 4/4
  1574 | D:3      | Noticed a human
  1575 | D:3      | Found a runed door.
  1601 | D:3      | Reached skill level 4 in Dodging
  1604 | D:3      | Found a basalt altar of Yredelemnul.
  1664 | D:3      | Reached XP level 5. HP: 40/40 MP: 5/5
  1695 | D:3      | Found a blossoming altar of Fedhas.
  1695 | D:3      | Found a stormy altar of Qazlal.
  1695 | D:3      | Found a glowing silver altar of Zin.
  1840 | D:3      | Noticed an ogre
  1847 | D:3      | Killed an ogre
  2342 | D:3      | Noticed Terence
  2356 | D:3      | Killed Terence
  2356 | D:3      | Reached XP level 6. HP: 28/47 MP: 3/6
  2714 | D:4      | Noticed lucasterio's ghost (amateur DEIE)
  2724 | D:4      | Killed lucasterio's ghost
  2724 | D:4      | Reached skill level 5 in Dodging
  3141 | D:4      | Reached XP level 7. HP: 32/52 MP: 4/7
  3496 | D:4      | Reached skill level 1 in Axes
  3609 | D:4      | Reached skill level 6 in Dodging
  3816 | D:5      | Entered Level 5 of the Dungeon
  4285 | D:5      | Reached skill level 7 in Dodging
  4285 | D:5      | Reached XP level 8. HP: 45/61 MP: 5/8
  4308 | D:5      | Found Syafuc's Food Emporium.
  4680 | D:6      | Found a staircase to the Ecumenical Temple.
  4682 | D:6      | Found a shimmering altar of Xom.
  4695 | D:6      | Reached skill level 8 in Dodging
  4727 | Temple   | Entered the Ecumenical Temple
  4867 | Temple   | Became a worshipper of Makhleb the Destroyer
  5110 | D:6      | Reached skill level 5 in Fighting
  5161 | D:6      | Reached skill level 1 in Shields
  5238 | D:6      | Reached XP level 9. HP: 36/68 MP: 4/9
  5317 | D:6      | Found an iron altar of Okawaru.
  5323 | D:6      | Reached * piety under Makhleb
  5505 | D:7      | Reached skill level 9 in Dodging
  5520 | D:7      | HP: 2/68 [yak (15)]
  5733 | D:7      | Found a sparkling altar of Nemelex Xobeh.
  6446 | D:8      | Noticed Erica
  6474 | D:8      | Killed Erica
  6474 | D:8      | Reached skill level 5 in Axes
  6618 | D:8      | Found Dol Qonn's Magic Scroll Shoppe.
  6652 | D:8      | Bought a scroll of identify for 28 gold pieces
  6652 | D:8      | Bought a scroll of identify for 28 gold pieces
  6703 | D:8      | Reached skill level 10 in Dodging
  6709 | D:8      | Reached ** piety under Makhleb
  6801 | D:8      | HP: 1/69 [electric eel/bolt of electricity (7)]
  6813 | D:8      | Reached XP level 10. HP: 28/76 MP: 2/10
  6831 | D:8      | Reached skill level 5 in Long Blades
  7081 | D:8      | HP: 1/77 [troll (11)]
  7082 | D:8      | Mangled by a troll

Action                   |  1- 3 |  4- 6 |  7- 9 | 10-12 || total
-------------------------+-------+-------+-------+-------++-------
Melee: Long sword        |   116 |   177 |       |       ||   293
       Hand axe          |       |    44 |   506 |       ||   550
       Scimitar          |       |       |    42 |    45 ||    87
  Use: Potion            |       |     1 |     2 |       ||     3
       Scroll            |       |       |     1 |       ||     1
 Stab: Sleeping          |     2 |     3 |     3 |       ||     8
       Distracted        |       |       |     1 |       ||     1
  Eat: Corpse            |    11 |     8 |    16 |     3 ||    38
